Map: [ESL] Alcyone

Players

Spirit

  • Race: Terran Terran
  • Spawn Location: 1:00

Scarlett - Winner!

  • Race: Zerg Zerg
  • Spawn Location: 7:00

Event: IEM Katowice 2024

VOD

Have the link to the VOD?

Description

Time

  • Played on: Feb. 8, 2024, 5:23 a.m.
  • Length: 21:22

All games in this series

Show
View Real Time Build Order
Export as new Build Order

Spirit Terran 

Build Orders: Command Center First, Hellion Banshee 

Get SALT Encoding   

  12  0:00  SCV  
  13  0:12  SCV  
  14  0:16  Supply Depot  
  14  0:24  SCV  
  15  0:38  SCV  
  16  0:50  SCV  
  17  0:59  Command Center  
  17  1:02  SCV  
  18  1:13  Barracks  
  18  1:15  SCV  
  19  1:20  Refinery  
  19  1:28  SCV  
  19  1:30  Refinery  
  20  1:40  SCV  
  21  1:52  SCV  
  22  2:00  Reaper  
  23  2:04  Orbital Command  
  23  2:10  Orbital Command  
  23  2:20  Factory  
  23  2:23  Supply Depot  
  23  2:30  SCV  
  23  2:33  Barracks Reactor  
  24  2:37  SCV  
  24  2:42  SCV  
  26  2:49  SCV  
  27  2:54  SCV  
  28  3:01  SCV  
  28  3:04  Command Center  
  27  3:06  SCV  
  28  3:14  SCV  
  28  3:15  Starport  
  28  3:18  Hellion, SCV  
  32  3:25  Barracks Tech Lab, Hellion  
  34  3:28  SCV  
  34  3:31  SCV  
  36  3:35  Supply Depot  
  36  3:40  SCV  
  37  3:43  SCV  
  37  3:46  Hellion x2  
  42  3:52  SCV  
  42  3:55  SCV  
  44  3:58  Banshee, Cloaking Field  
  47  4:04  SCV  
  47  4:07  SCV  
  47  4:08  Hellion  
  47  4:09  Hellion  
  53  4:12  Barracks Tech Lab  
  53  4:16  SCV  
  54  4:17  Orbital Command  
  54  4:19  SCV  
  55  4:28  SCV  
  55  4:30  Hellion x2  
  60  4:31  SCV  
  60  4:33  Stimpack, Marine  
  60  4:34  Orbital Command  
  62  4:40  Supply Depot  
  62  4:41  SCV  
  62  4:43  SCV  
  64  4:47  Banshee  
  67  4:53  SCV  
  67  4:55  SCV  
  67  4:58  Barracks, Factory Reactor  
  67  4:59  Barracks  
  69  5:01  Refinery  
  69  5:02  Refinery  
  69  5:03  Supply Depot, SCV  
  69  5:05  SCV  
  71  5:07  SCV  
  71  5:10  Supply Depot  
  72  5:14  Engineering Bay  
  72  5:15  SCV  
  72  5:16  Engineering Bay  
  72  5:17  SCV  
  72  5:19  SCV  
  72  5:21  Marine  
  76  5:24  Barracks  
  76  5:26  Barracks  
  76  5:27  SCV  
  77  5:29  SCV  
  77  5:32  SCV  
  79  5:39  SCV, Marine  
  79  5:40  Starport Reactor, Supply Depot  
  79  5:41  SCV  
  79  5:42  Bunker  
  82  5:44  SCV  
  82  5:45  Terran Infantry Weapons Level 1, Terran Infantry Armor Level 1  
  83  5:50  Siege Tank  
  83  5:51  SCV  
  83  5:53  SCV  
  83  5:54  Supply Depot  
  88  5:57  Marine x3  
  88  5:59  Marine  
  88  6:01  SCV  
  93  6:07  SCV  
  93  6:10  Supply Depot  
  94  6:12  Supply Depot  
  94  6:13  Combat Shield, Barracks Reactor x2  
  94  6:14  Marine  
  94  6:15  SCV  
  94  6:18  SCV  
  97  6:19  SCV  
  97  6:22  Siege Tank  
  97  6:23  Marine  
  102  6:26  Marine  
  102  6:27  SCV  
  102  6:30  SCV  
  102  6:31  Medivac x2  
  102  6:32  Refinery  
  109  6:33  Supply Depot, Marine  
  109  6:37  Marine  
  109  6:39  SCV  
  112  6:40  SCV  
  112  6:42  Marine x2  
  112  6:43  Supply Depot  
  112  6:44  Marine  
  112  6:45  Supply Depot  
  117  6:47  SCV  
  117  6:51  Marine  
  117  6:53  Marine  
  117  6:54  Marine x2  
  119  6:55  Marine x2  
  119  6:58  Siege Tank  
  119  7:00  Marine x2  
  128  7:02  Marine  
  129  7:08  Marine  
  129  7:11  Marine  
  129  7:12  Marine x2  
  129  7:13  Marine x2  
  135  7:18  Marine x2  
  135  7:19  Marine  
  135  7:20  Armory  
  135  7:21  Medivac x2  
  142  7:24  Supply Depot  
  142  7:25  Supply Depot  
  142  7:26  Marine  
  142  7:28  Marine  
  142  7:29  Marine  
  144  7:30  Siege Tank  
  144  7:31  SCV  
  144  7:36  Command Center  
  149  7:45  Supply Depot  
  149  7:46  SCV, Marine x8  
  149  7:48  Marine  
  159  8:00  Medivac x2  
  159  8:03  SCV  
  159  8:04  Marine  
  165  8:07  Siege Tank, Marine x5  
  165  8:08  Factory  
  165  8:09  Supply Depot  
  173  8:20  SCV  
  173  8:31  Medivac x2, Marine x4  
  181  8:35  Terran Infantry Weapons Level 2  
  181  8:41  Supply Depot, Marine x2  
  179  8:42  SCV x2, Marine x2  
  179  8:43  SCV, Supply Depot  
  179  8:48  Marine  
  164  8:49  SCV  
  164  8:52  Marine  
  164  8:54  Terran Infantry Armor Level 2, Factory Tech Lab, SCV  
  157  8:58  Siege Tank, SCV, Marine  
  157  9:00  Marine x3  
  157  9:01  Medivac x2  
  169  9:03  SCV  
  170  9:11  Planetary Fortress  
  170  9:13  SCV, Marine  
  170  9:14  Refinery  
  170  9:15  Command Center, SCV  
  170  9:16  Refinery  
  154  9:19  Terran Vehicle Weapons Level 1, Marine  
  154  9:20  SCV  
  154  9:21  Marine  
  157  9:29  Marine x6  
  157  9:30  Marine, SCV  
  165  9:34  Siege Tank  
  165  9:36  Siege Tank  
  165  9:37  Marine  
  172  9:39  Marine  
  172  9:40  Refinery  
  173  9:47  Marine x4  
  173  9:48  Marine  
  173  9:50  Marine x2  
  173  9:51  SCV  
  181  9:55  Marine  
  181  9:57  Marine  
  168  10:02  SCV  
  168  10:05  Marine x5  
  168  10:06  Siege Tank  
  177  10:08  Marine x2  
  177  10:09  Barracks  
  177  10:11  Barracks  
  177  10:12  Barracks, Marine  
  167  10:14  Marine  
  144  10:22  Marine  
  144  10:23  Marine x4  
  144  10:25  Siege Tank  
  144  10:26  Marine x2  
  154  10:30  Marine  
  154  10:32  Liberator, Marine  
  154  10:33  Liberator  
  162  10:38  Siege Tank  
  162  10:40  Marine x4  
  162  10:41  Marine  
  170  10:43  Marine  
  170  10:44  Marine  
  170  10:45  Sensor Tower  
  170  10:48  Marine  
  173  10:50  Sensor Tower, Marine  
  173  10:55  Ghost Academy  
  176  10:57  Siege Tank  
  176  10:58  Barracks Tech Lab x2, Marine  
  176  10:59  Barracks Reactor  
  177  11:05  Marine  
  177  11:09  Terran Infantry Weapons Level 3, Sensor Tower  
  177  11:10  Siege Tank  
  181  11:19  Command Center, Marine  
  181  11:24  Refinery  
  182  11:27  Marine  
  182  11:29  Siege Tank, Marine  
  181  11:37  Marine  
  181  11:38  Marine  
  181  11:39  Marine x9  
  189  11:44  Marine, SCV  
  189  11:48  Marine  
  189  11:51  SCV  
  189  11:53  SCV  
  192  11:56  SCV  
  192  11:57  Ghost x3  
  192  11:58  Siege Tank, Marine  
  196  12:02  Siege Tank  
  196  12:03  Planetary Fortress  
  196  12:05  Marine  
  196  12:06  Marine, SCV  
  185  12:22  Command Center  
  185  12:25  Ghost, Medivac x2  
  185  12:26  Ghost x2  
  190  12:34  Siege Tank  
  193  12:43  Missile Turret  
  193  12:44  Missile Turret  
  193  12:45  Orbital Command, Missile Turret  
  193  12:52  Siege Tank  
  193  12:56  Ghost x2  
  196  13:00  Ghost  
  182  13:22  Siege Tank  
  182  13:23  Marine x10  
  182  13:24  Ghost  
  182  13:25  Marauder  
  180  13:30  Marauder  
  176  13:35  Orbital Command  
  176  13:38  Siege Tank  
  176  13:40  Marine  
  176  13:41  Marine x3  
  184  13:47  Sensor Tower, Marauder, Marine  
  187  13:51  Marauder  
  187  13:54  Siege Tank, Marauder  
  193  13:57  Liberator x2, Barracks Tech Lab  
  198  14:08  Marauder  
  192  14:10  Siege Tank  
  192  14:13  Marauder  
  192  14:14  Command Center  
  192  14:15  Command Center, Marauder  
  199  14:20  Command Center, Starport  
  199  14:22  Sensor Tower  
  199  14:24  Missile Turret  
  199  14:26  Marine  
  195  14:34  Marauder  
  195  14:37  Marauder  
  182  14:39  Marine  
  182  14:40  Marauder x2  
  182  14:41  Medivac x2  
  191  14:48  Marine  
  191  14:51  Marine  
  193  14:55  Marauder  
  193  14:58  Marauder  
  197  15:01  Marauder  
  197  15:02  Marine  
  197  15:03  Sensor Tower, Command Center  
  200  15:07  Fusion Core  
  200  15:11  Marine, Medivac  
  200  15:13  Personal Cloaking, Terran Vehicle Weapons Level 2  
  197  15:15  Terran Infantry Armor Level 3  
  197  15:16  Marine  
  197  15:17  Marauder  
  195  15:43  Ghost x3  
  195  15:44  Viking  
  195  15:48  Ghost  
  193  15:51  Thor  
  187  16:03  Viking  
  186  16:05  Viking  
  186  16:06  Marine  
  186  16:08  Marine  
  186  16:10  Marine  
  191  16:12  Marauder x2  
  191  16:14  Viking  
  197  16:24  Orbital Command  
  197  16:30  Ghost  
  199  16:36  Sensor Tower  
  199  16:38  Refinery  
  199  16:42  Refinery  
  197  16:58  Viking x2  
  185  17:08  Thor  
  185  17:14  Marine  
  160  17:15  Marine  
  160  17:16  Marauder  
  160  17:17  Siege Tank  
  160  17:18  Marauder x2, Marine x6  
  160  17:19  Marauder  
  160  17:22  Orbital Command  
  172  17:32  Planetary Fortress, Marine  
  172  17:33  Marine  
  172  17:35  Marine  
  172  17:36  Marine x5  
  173  17:37  Marauder  
  173  17:39  Ghost x3  
  180  17:47  Liberator x2  
  180  17:49  Siege Tank, SCV x5  
  180  17:50  Marine  
  185  17:51  Siege Tank, Marine  
  185  17:53  Marine x5  
  185  17:54  Marine  
  185  17:58  Ghost  
  189  18:01  SCV x5  
  192  18:07  Marine  
  192  18:08  Marine x2, Marauder  
  192  18:09  Marine, Refinery  
  192  18:11  Marine  
  199  18:12  Sensor Tower  
  199  18:17  Supply Depot  
  199  18:24  SCV, Marine x2  
  199  18:25  SCV x3, Marine  
  199  18:26  SCV  
  199  18:33  Sensor Tower  
  198  18:39  Marine  
  198  18:40  SCV x3  
  191  18:45  Marauder  
  191  18:47  Ghost  
  192  18:52  SCV  
  192  18:53  SCV  
  191  19:00  Liberator  
  191  19:01  Liberator  
  192  19:06  Ghost  
  192  19:09  SCV x3  
  192  19:13  Command Center  
  192  19:20  Starport Reactor  
  192  19:24  Fusion Core  
  192  19:26  SCV  
  192  19:27  Siege Tank  
  170  19:32  SCV  
  170  19:36  SCV  
  170  19:37  Ghost x2  
  165  19:40  Ghost  
  165  19:43  Liberator  
  165  19:44  Liberator  
  170  19:47  SCV  
  170  19:48  SCV x3  
  164  20:00  Ghost  
  164  20:06  SCV  
  166  20:13  Ghost  
  157  20:21  Planetary Fortress  
  159  20:32  Marine  
  129  20:42  Ghost  
  129  20:43  Marine  
  129  20:44  Marine x3  
  129  20:45  Marauder, Marine  
  129  20:47  Marauder, Marine  
  129  20:48  Marine  
  102  20:52  Marine  
  75  20:59  Marine  
  75  21:01  Marine  
  75  21:03  Marine  
  72  21:05  SCV  
Show
View Real Time Build Order
Export as new Build Order

Scarlett Zerg - Winner!

Build Orders: Hatch First 

Get SALT Encoding   

  12  0:00  Drone  
  13  0:12  Overlord  
  13  0:16  Drone  
  14  0:30  Drone x2  
  16  0:46  Hatchery  
  15  0:50  Drone  
  15  0:54  Drone  
  18  0:57  Drone  
  18  1:08  Extractor  
  17  1:12  Spawning Pool  
  17  1:15  Drone  
  17  1:18  Drone  
  18  1:27  Drone  
  19  1:38  Drone  
  20  1:49  Drone  
  21  1:59  Queen x2  
  21  2:00  Zergling x4  
  27  2:11  Drone  
  27  2:12  Overlord  
  28  2:20  Hatchery  
  27  2:25  Drone  
  28  2:30  Drone  
  28  2:31  Drone  
  28  2:36  Drone  
  31  2:39  Queen  
  31  2:42  Metabolic Boost  
  33  2:47  Overlord  
  33  2:50  Drone  
  34  2:58  Drone x2  
  35  3:06  Drone  
  35  3:07  Drone  
  35  3:09  Drone x3  
  39  3:13  Queen  
  39  3:18  Drone, Overlord  
  42  3:23  Queen  
  44  3:33  Zergling x2  
  44  3:34  Zergling x4  
  47  3:37  Drone  
  48  3:42  Drone  
  48  3:43  Drone x3  
  48  3:44  Drone  
  48  3:46  Queen  
  55  3:49  Overlord  
  55  3:52  Drone x2  
  55  3:55  Overlord  
  57  3:58  Overlord  
  57  4:07  Queen  
  57  4:09  Overlord  
  58  4:10  Zergling x6  
  58  4:15  Zergling x4  
  62  4:18  Drone  
  62  4:23  Drone x3  
  66  4:24  Overlord  
  66  4:26  Queen  
  67  4:33  Overlord  
  67  4:34  Drone  
  67  4:35  Lair  
  67  4:36  Drone  
  69  4:41  Drone x4  
  73  4:50  Hatchery  
  72  4:54  Drone x4  
  72  4:59  Drone x4  
  80  5:01  Spore Crawler  
  80  5:02  Spore Crawler  
  80  5:06  Drone x3  
  81  5:09  Queen  
  81  5:12  Zergling x4  
  85  5:17  Zergling x2  
  85  5:19  Drone x5  
  85  5:20  Extractor  
  85  5:21  Extractor x2  
  88  5:23  Extractor  
  88  5:28  Drone x2  
  89  5:31  Drone x2  
  89  5:32  Drone, Evolution Chamber  
  89  5:34  Evolution Chamber  
  89  5:35  Extractor, Overseer  
  88  5:36  Hydralisk Den  
  88  5:37  Drone x4  
  88  5:41  Drone  
  92  5:44  Drone x2  
  94  5:51  Overlord  
  94  5:54  Drone x2  
  96  6:01  Drone x4, Zerg Missile Weapons Level 1, Zerg Ground Armor Level 1  
  100  6:04  Overlord x2  
  100  6:05  Grooved Spines  
  100  6:07  Overlord  
  100  6:08  Drone x3  
  100  6:10  Hydralisk  
  105  6:13  Hydralisk  
  105  6:19  Overseer  
  105  6:24  Overseer  
  103  6:25  Drone x6  
  103  6:27  Spore Crawler  
  103  6:30  Drone  
  103  6:31  Drone x2  
  110  6:35  Drone x3  
  110  6:38  Queen  
  113  6:40  Drone x2  
  113  6:41  Hydralisk  
  113  6:42  Hydralisk x3  
  123  6:48  Hydralisk x3  
  123  6:50  Hydralisk  
  123  6:51  Overlord  
  131  6:55  Hydralisk  
  131  6:57  Extractor x2  
  131  6:58  Overlord  
  131  7:00  Overlord  
  131  7:05  Hydralisk x3  
  137  7:09  Infestation Pit  
  137  7:10  Hydralisk, Muscular Augments  
  137  7:14  Overlord x2  
  137  7:15  Drone x3  
  140  7:19  Hydralisk x3  
  140  7:20  Overlord  
  147  7:24  Overlord  
  147  7:27  Hydralisk x2  
  151  7:34  Hydralisk x4  
  159  7:41  Hatchery  
  159  7:42  Drone  
  159  7:48  Infestor x2  
  159  7:49  Zergling x2  
  159  7:50  Zergling x14  
  171  7:57  Hydralisk x4  
  179  8:03  Hydralisk x2  
  183  8:10  Drone  
  183  8:12  Zergling x12  
  190  8:17  Hatchery  
  190  8:19  Zerg Ground Armor Level 2, Zerg Missile Weapons Level 2  
  189  8:22  Unknown  
  188  8:28  Infestor  
  188  8:30  Zergling x18  
  197  8:54  Hive  
  180  9:08  Zergling x28, Hatchery  
  183  9:17  Extractor  
  183  9:19  Overlord  
  183  9:20  Burrow, Spore Crawler, Overlord x2  
  183  9:21  Infestor x2, Spore Crawler  
  184  9:25  Hydralisk x2  
  184  9:26  Baneling Nest, Overlord  
  186  9:38  Overseer  
  186  9:40  Pneumatized Carapace, Overseer  
  186  9:41  Hatchery  
  185  9:59  Overlord x2  
  181  10:03  Hydralisk x8  
  181  10:04  Hydralisk x2  
  181  10:06  Adrenal Glands  
  199  10:08  Ultralisk Cavern  
  185  10:17  Hydralisk x7  
  157  10:28  Viper x2  
  157  10:31  Drone x9  
  157  10:34  Drone x2  
  174  10:36  Drone x2  
  174  10:37  Drone  
  174  10:40  Drone x3  
  180  10:55  Hydralisk x7  
  194  10:59  Chitinous Plating  
  194  11:09  Zerg Melee Weapons Level 1, Zerg Ground Armor Level 3  
  194  11:10  Centrifugal Hooks  
  194  11:12  Zergling x12  
  200  11:20  Extractor  
  190  11:35  Drone x3  
  193  11:40  Unknown  
  185  11:59  Ultralisk x3  
  186  12:25  Viper  
  186  12:29  Anabolic Synthesis  
  184  12:30  Ultralisk x2, Spire  
  184  12:36  Zergling x2  
  184  12:37  Zergling x8  
  190  13:12  Zergling x32  
  197  13:16  Infestor  
  181  13:20  Hydralisk x9  
  181  13:24  Ultralisk  
  181  13:37  Zerg Melee Weapons Level 2  
  181  13:43  Zergling x38  
  181  13:45  Baneling x21  
  181  13:46  Zerg Missile Weapons Level 3  
  200  13:56  Greater Spire  
  195  14:08  Corruptor x10  
  198  14:26  Hatchery  
  198  14:29  Unknown  
  180  14:36  Zergling x52  
  161  14:53  Hydralisk x3  
  161  14:54  Hydralisk  
  169  15:08  Brood Lord x10  
  170  15:17  Hydralisk x2  
  170  15:18  Zergling x50  
  196  15:40  Overseer x2  
  189  15:45  Hatchery  
  182  15:54  Zerg Flyer Weapons Level 1  
  174  16:00  Hatchery  
  173  16:05  Baneling  
  173  16:06  Infestor x2, Baneling x13  
  177  16:13  Hatchery  
  177  16:15  Drone x3  
  177  16:16  Extractor, Drone  
  177  16:17  Drone x2, Corruptor  
  183  16:18  Extractor  
  183  16:23  Zergling x26  
  183  16:25  Drone x2  
  197  16:28  Overlord  
  181  16:52  Zergling x24  
  193  16:58  Infestor x2  
  172  17:17  Zergling x24  
  172  17:30  Zergling x20  
  172  17:32  Corruptor  
  180  17:41  Baneling x11  
  180  17:48  Zerg Flyer Armor Level 1  
  173  18:04  Hydralisk x15  
  196  18:24  Hatchery  
  187  18:30  Zergling x26  
  191  18:34  Infestor x2  
  190  18:43  Baneling  
  190  18:44  Baneling x22  
  164  19:34  Zergling x66  
  196  19:40  Hydralisk  
  187  20:02  Baneling x30, Hatchery  
  184  20:13  Overlord x2  
  181  20:14  Overseer x2  
  150  20:45  Hydralisk x13  
  160  20:52  Hydralisk x18  
  160  21:04  Zergling x4  

Tags
 
Add a new tag
Caveats
  • Supply blocks, unpowered buildings, or Contaminate may cause inaccurate times.
  • Supply counts are checked every 10 seconds.